AoeStats
← Der Sprudel

Black Forest

509678589Analyzed
4v4 RM · 4d ago on Sep 27, 2026· 69m 20s· 8 players
Game mode
Random Map
Map size
Large (8 player)
Population
200
Speed
Normal
Resources
Standard
Victory
Conquest
Starting age
Dark Age
Ending age
Imperial Age
RankedLock teamsTeams togetherTeam positionsShared explorationLock speedFull tech treeHidden civsTurbo modeCheats
Victory
Defeat
🇹🇼 Danes · Taiwan
1387
+11
🇹🇼 Mongols · Taiwan
1313
+14
🇹🇼 Persians · Taiwan
1300
+15
🇹🇼 Varangians · Taiwan
1235
+17
🇩🇪 Bohemians · Germany
1345
-18
🇨🇱 Lithuanians · Chile
1270
-14
🇬🇧 Danes · United Kingdom
1242
-13
🇩🇪 Celts · Germany
1222
-12
PatCrespo
3:37 Loom
12:50 Feudal Age
13:20 Arson
13:40 Man-at-Arms
15:10 Forging
15:36 Double-Bit Axe
15:39 Horse Collar
21:57 Wheelbarrow
21:13 Fishing Lines
26:47 Castle Age
27:46 Bow Saw
27:58 Gillnets
35:35 Imperial Age
35:45 Imperial Age
33:33 Hand Cart
36:20 Pikeman
37:00 Squires
38:41 Chemistry
38:02 Ballistics
37:48 Siege Engineers
37:43 Gold Mining
37:44 Stone Mining
37:48 Northmen's Fury
38:49 Conscription
38:22 Heavy Scorpion
41:12 Onager
44:47 Masonry
57:38 Elite Skirmisher
58:26 Thumb Ring
60:15 Padded Archer Armor
60:58 Fletching
62:14 Bodkin Arrow
66:24 Heavy Plow
67:02 Bracer
67:17 Leather Archer Armor
67:26 Leather Archer Armor
schlauchnase
0:52 Loom
12:44 Feudal Age
15:37 Double-Bit Axe
16:13 Horse Collar
23:49 Castle Age
25:40 Bow Saw
26:33 Wheelbarrow
32:18 Imperial Age
31:25 Chemistry
31:19 Scale Mail Armor
31:22 Padded Archer Armor
32:24 Hand Cart
33:13 Leather Archer Armor
34:56 Fortified Wall
35:26 Conscription
35:58 Fervor
36:23 Caravan
38:13 Sanctity
38:09 Atonement
38:12 Devotion
39:57 Illumination
39:48 Block Printing
41:34 Theocracy
41:57 Herbal Medicine
42:55 Houfnice
48:31 Ring Archer Armor
48:03 Elite Skirmisher
51:58 Coinage
51:38 Guilds
52:57 Two-Man Saw
51:58 Heavy Plow
52:01 Fletching
52:34 Ballistics
53:06 Bodkin Arrow
53:19 Siege Engineers
53:55 Bracer
55:22 Hussite Reforms
55:22 Wagenburg Tactics
56:57 Pikeman
57:45 Halberdier
58:25 Squires
61:50 Scale Mail Armor
62:00 Forging
66:03 Chain Mail Armor
66:24 Iron Casting
Der Sprudel
13:09 Feudal Age
18:28 Castle Age
17:41 Double-Bit Axe
23:21 Fishing Lines
25:41 Wheelbarrow
24:51 Town Watch
24:56 Horse Collar
25:31 Bow Saw
26:14 Loom
28:06 Hand Cart
28:54 Gold Mining
29:40 Scale Mail Armor
29:51 Forging
34:01 Imperial Age
31:20 Pikeman
31:46 Arson
32:44 Chain Mail Armor
33:36 Iron Casting
33:55 Gold Shaft Mining
33:19 Stone Mining
34:03 Fletching
34:22 Halberdier
34:31 Capped Ram
35:15 Gillnets
35:36 Siege Engineers
36:33 Chemistry
36:14 Plate Mail Armor
36:45 Blast Furnace
36:20 Onager
37:58 Conscription
37:50 Siege Ram
38:59 Man-at-Arms
39:24 Gambesons
40:25 Long Swordsman
41:33 Bodkin Arrow
45:38 Two-Handed Swordsman
49:57 Champion
58:15 Padded Archer Armor
58:38 Ballistics
58:30 Masonry
59:00 Hoardings
58:46 Conscription
66:01 Conscription
MexKajica
10:51 Feudal Age
14:28 Castle Age
16:18 Wheelbarrow
18:04 Loom
22:34 Town Watch
23:39 Fishing Lines
24:35 Gillnets
27:53 Forging
27:49 Scale Barding Armor
28:14 Horse Collar
28:25 Double-Bit Axe
31:29 Imperial Age
29:55 Iron Casting
29:55 Chain Barding Armor
30:55 Bow Saw
30:49 Heavy Plow
30:56 Husbandry
31:04 Stone Mining
31:06 Gold Mining
31:32 Bloodlines
31:53 Cavalier
33:10 Plate Barding Armor
32:28 Elite Leitis
33:28 Conscription
33:56 Paladin
39:31 Chemistry
38:51 Ballistics
40:39 Caravan
41:38 Light Cavalry
42:26 Winged Hussar
44:04 Murder Holes
44:19 Masonry
45:35 Elite Skirmisher
46:22 Thumb Ring
47:22 Fletching
47:33 Padded Archer Armor
48:22 Bodkin Arrow
56:14 Fortified Wall
63:59 Leather Archer Armor
67:19 Bracer
dshau
3:00 Loom
11:27 Feudal Age
11:44 Man-at-Arms
12:09 Horse Collar
14:14 Double-Bit Axe
22:39 Castle Age
20:43 Gold Mining
22:09 Stone Mining
23:48 Heavy Plow
24:00 Bow Saw
27:08 Wheelbarrow
30:15 Imperial Age
28:17 Scale Mail Armor
29:08 Squires
30:01 Forging
30:31 Gambesons
31:38 Arson
33:19 Chain Mail Armor
36:54 Plate Mail Armor
36:33 Elite Varangian Guard
39:33 Iron Casting
47:22 Elite Skirmisher
49:03 Fletching
49:52 Bodkin Arrow
50:50 Padded Archer Armor
52:14 Hand Cart
52:09 Bracer
52:46 Leather Archer Armor
53:54 Ballistics
54:36 Chemistry
55:58 Two-Man Saw
59:07 Scale Barding Armor
60:03 Blast Furnace
59:19 Husbandry
58:41 Light Cavalry
64:14 Crop Rotation
65:30 Bloodlines
b95303076
1:02 Loom
13:38 Feudal Age
19:10 Castle Age
18:06 Double-Bit Axe
19:33 Town Watch
20:01 Bow Saw
20:38 Fishing Lines
24:59 Gillnets
26:03 Wheelbarrow
30:41 Imperial Age
28:12 Horse Collar
28:36 Scale Mail Armor
29:59 Chain Mail Armor
29:45 Squires
30:32 Forging
30:13 Pikeman
31:06 Heavy Plow
31:50 Hand Cart
31:38 Gold Mining
31:47 Halberdier
34:10 Plate Mail Armor
34:47 Town Patrol
34:47 Elite Jomsviking
36:05 Masonry
36:49 Iron Casting
40:05 Chemistry
40:31 Blast Furnace
41:29 Siege Engineers
41:01 Heavy Scorpion
42:36 Northmen's Fury
43:57 Conscription
43:00 Elite Varangian Guard
44:32 Hamask
46:13 Arson
46:20 Fletching
48:19 Coinage
47:50 Caravan
49:36 Ballistics
49:55 Banking
49:33 Gambesons
49:10 Man-at-Arms
49:47 Bodkin Arrow
50:39 Devotion
51:40 Capped Ram
52:51 Siege Ram
60:31 Onager
64:20 Heated Shot
yunsung621
10:59 Feudal Age
15:19 Castle Age
15:37 Double-Bit Axe
18:07 Bow Saw
17:54 Horse Collar
18:02 Fishing Lines
23:34 Wheelbarrow
25:21 Gold Mining
25:33 Heavy Plow
25:51 Loom
26:22 Hand Cart
26:36 Stone Mining
26:44 Gillnets
27:40 Gold Shaft Mining
29:17 Stone Shaft Mining
31:38 Imperial Age
30:03 Stone Shaft Mining
29:28 Fletching
30:17 Bodkin Arrow
30:23 Padded Archer Armor
31:10 Ballistics
32:06 Leather Archer Armor
32:44 Conscription
31:50 Elite Mangudai
32:52 Bracer
33:56 Chemistry
33:52 Town Watch
34:36 Drill
34:57 Onager
39:07 Thumb Ring
39:30 Parthian Tactics
39:24 Bloodlines
39:15 Husbandry
40:28 Siege Engineers
45:32 Nomads
47:48 Capped Ram
50:59 Siege Ram
54:00 Light Cavalry
55:08 Hussar
55:57 Scale Barding Armor
56:03 Forging
57:36 Chain Barding Armor
57:53 Iron Casting
68:27 Caravan
lee6108s
0:58 Loom
10:01 Feudal Age
15:36 Castle Age
15:36 Double-Bit Axe
22:01 Wheelbarrow
23:41 Horse Collar
25:40 Heavy Plow
25:49 Stone Mining
25:50 Gold Mining
26:30 Bow Saw
29:39 Fishing Lines
32:59 Imperial Age
30:57 Scale Barding Armor
31:44 Forging
31:56 Husbandry
32:06 Bloodlines
31:46 Town Watch
32:57 Gillnets
36:10 Conscription
37:06 Fletching
37:17 Padded Archer Armor
37:54 Kamandaran
38:05 Caravan
39:11 Coinage
40:55 Chain Barding Armor
43:12 Chemistry
42:32 Ballistics
43:22 Leather Archer Armor
43:02 Bodkin Arrow
42:32 Crossbowman
44:13 Banking
44:28 Thumb Ring
43:57 Light Cavalry
46:21 Ring Archer Armor
66:15 Hand Cart
66:31 Hussar
Connection lost

Rejoining the realm…

Still unreachable

The connection could not be restored.

Session expired

The server has moved on; the page needs a fresh start.